 Dungeon Sprint DCSS version 0.28-a0-1356-g2ad6d04315 (webtiles) character file.

Game seed: 13520970897277967418

88 mhtbhm the Cudgeller (level 4, -9/40 HPs)
             Began as a Human Berserker on Dec 30, 2021.
             Was a Believer of Trog.
             Mangled by an ice beast (13 damage)
             ... in the Dungeon (Sprint IX: "|||||||||||||||||||||||||||||").
             The game lasted 00:00:13 (230 turns).

mhtbhm the Cudgeller (Human Berserker)               Turns: 230, Time: 00:00:14

Health: -9/40      AC:  2    Str: 19    XL:     4   Next: 81%
Magic:  4/4        EV: 13    Int:  7    God:    Trog [**....]
Gold:   0          SH:  0    Dex: 13    Spells: 3/3 levels left

rFire   . . .      SeeInvis .   a - +0 mace
rCold   . . .      Faith    .   (no shield)
rNeg    . . .      Spirit   .   b - +0 animal skin
rPois   .          Reflect  .   (no helmet)
rElec   .          Harm     .   (no cloak)
rCorr   .          Rampage  .   (no gloves)
Will    .....      NoTele   +   (no boots)
Stlth   +.........              (no amulet)
HPRegen 0.13/turn               (no ring)
MPRegen 0.09/turn               (no ring)

@: on berserk cooldown, slowed, very slow
A: no striking features
a: Renounce Religion, Berserk, Trog's Hand


You were in the Dungeon.
You worshipped Trog.
Trog was pleased with you.
You visited 1 branch

Inventory:

Hand Weapons
 a - a +0 mace (weapon)
Armour
 b - a +0 animal skin (worn)
Scrolls
 h - a scroll of blinking
Potions
 c - a potion of curing
 d - a potion of heal wounds
 e - a potion of haste
 f - 2 potions of magic
 g - a potion of berserk rage


   Skills:
 + Level 5.8 Fighting
 + Level 6.3 Maces & Flails
 + Level 3.2 Armour
 + Level 3.4 Dodging


You had 3 spell levels left.
You didn't know any spells.
Your spell library was empty.

Dungeon Overview and Level Annotations

Branches:
Dungeon (1/1)

Altars:


Message History

You are too injured to fight recklessly!
You are too injured to fight recklessly!
You are too injured to fight recklessly!
You are too injured to fight recklessly!
You are too injured to fight recklessly!
You sock the centaur!
You kill the centaur!
Trog accepts your kill.
Your Fighting skill increases to level 5!
Your Maces & Flails skill gained 2 levels and is now at level 6!
Your Armour skill increases to level 3!
Your Dodging skill increases to level 3!
You have reached level 3!
Your experience leads to an increase in your attributes!
Increase (S)trength, (I)ntelligence, or (D)exterity?
You feel stronger. x2
You have reached level 4!
You feel agile.
Unknown command.
You thump the ice beast!
The ice beast is moderately wounded.
The ice beast hits you. The ice beast freezes you.
* * * LOW HITPOINT WARNING * * *
You closely miss the ice beast.
The ice beast is moderately wounded.
The ice beast hits you.
* * * LOW HITPOINT WARNING * * *
The ice beast freezes you!
* * * LOW HITPOINT WARNING * * *
You barely miss the ice beast.
The ice beast is moderately wounded.
You are no longer berserk.
You are exhausted.
You feel yourself slow down.
You hit the ice beast.
The ice beast is moderately wounded.
The ice beast hits you.
* * * LOW HITPOINT WARNING * * *
The ice beast freezes you!
You die...

▓.▓
▓)▓
▓.▓
▓.▓
▓.▓
▓.▓
▓.▓
▓'▓
▓@▓
▓Y▓
▓Z▓
▓Z▓
▓.▓
▓+▓


You could see an ice beast, an adder skeleton and a quokka skeleton.

Vanquished Creatures
  A centaur (D)
  A shadow imp (D)
  A ball python (D)
  2 endoplasms (D)
  A goblin (D)
  A rat (D)
7 creatures vanquished.

Notes
Turn   | Place    | Note
-------+----------+-------------------------------------------
     0 | D        | mhtbhm the Human Berserker began the quest for the Orb.
     0 | D        | Reached XP level 1. HP: 18/18 MP: 1/1
    10 | D        | Reached ** piety under Trog
    14 | D        | Reached XP level 2. HP: 12/25 MP: 2/2
   214 | D        | Noticed a centaur
   214 | D        | Noticed an ice beast
   222 | D        | Reached skill level 4 in Maces & Flails
   226 | D        | Killed a centaur
   227 | D        | Reached skill level 5 in Fighting
   227 | D        | Reached skill level 6 in Maces & Flails
   227 | D        | Reached XP level 3. HP: 22/34 MP: 3/3
   227 | D        | Reached XP level 4. HP: 26/40 MP: 4/4
   230 | D        | Mangled by an ice beast

Illustrated notes

Levels and vault maps discovered:
D:        linesprint [early_d, line_temple, items_1, d_10, items_2, lair_1,
          lair_end, items_3, orc_1, orc_end, items_4, d_15, swamp_1, shoals_1,
          snake_1, spider_1, d_20, vaults_1, items_5, swamp_end, shoals_end,
          snake_end, spider_end, vaults_end, d_27, items_6, zot_1, zot_end,
          crypt_end, forest_end, elf_end, slime_end, tomb_end, abyss_end,
          pan_hell_end]

Skill      XL: |  1  2 |
---------------+-------+-----
Fighting       | 5 |  5.8
Maces & Flails | 6 |  6.3
Armour         | 3 |  3.2
Dodging        | 3 |  3.4

Action                   |  1- 3 |  4- 6 || total
-------------------------+-------+-------++-------
Melee: Mace              |    18 |     4 ||    22
Invok: Berserk           |     2 |       ||     2
Armor: Animal skin       |     3 |       ||     3
Dodge: Dodged            |     6 |       ||     6

Table legend: (Time is in decaauts)
 A = Elapsed time spent in this place.
 B = Non-inter-level travel time spent in this place.
 C = Inter-level travel time spent in this place.
 D = Time resting spent in this place.
 E = Time spent auto-exploring this place.
 F = Levels seen in this place.
 G = Mean time per level.
                   A        B        C        D        E       F      G
               +--------+--------+--------+--------+--------+-----+--------+
         Total |    237 |    237 |      0 |    203 |      3 |   1 |  237.0 |
       Dungeon |    237 |    237 |      0 |    203 |      3 |   1 |  237.0 |
               +--------+--------+--------+--------+--------+-----+--------+

Top non-repeatable levels by time:
       D: 237 daAuts
